 Dungeon Crawl Stone Soup version 0.26-a0-682-g294304f6e8 (webtiles) character file.

Game seed: 16629971901297698703

6074 DogServant the Grappler (level 10, -1/103 HPs)
             Began as a Purple Draconian Transmuter on Oct 21, 2020.
             Was a Follower of Wu Jian.
             Slain by a wolf (9 damage)
             ... on level 10 of the Dungeon.
             The game lasted 00:23:43 (13598 turns).

DogServant the Grappler (DrTm)                     Turns: 13598, Time: 00:23:43

Health: -1/103     AC: 10    Str: 16    XL:     10   Next: 57%
Magic:  4/16       EV: 12    Int: 16    God:    Wu Jian [*.....]
Gold:   511        SH:  0    Dex: 11    Spells: 2/17 levels left

rFire    x . .     SeeInvis .     - Unarmed
rCold    + + +     Faith    .   (shield currently unavailable)
rNeg     . . .     Spirit   .   (armour unavailable)
rPois    +         Reflect  .   (helmet currently unavailable)
rElec    .         Harm     .   (cloak currently unavailable)
rCorr    .         Rampage  .   (gloves currently unavailable)
MR       +....                  (boots currently unavailable)
Stlth    +.........             (no amulet)
HPRegen  0.27/turn              m - +4 ring of protection
MPRegen  0.15/turn              (no ring)

@: ice-form, very slightly contaminated
A: large, (breathe power), unfitting armour, blink, clever 1, AC +7
a: End Transformation, Blink, Renounce Religion


You were on level 10 of the Dungeon.
You worshipped Wu Jian.
Wu Jian was aware of your devotion.
You were a creature of crystalline ice.
You visited 2 branches of the dungeon, and saw 11 of its levels.
You also visited: Sewer.

You collected 511 gold pieces.

Inventory:

Hand Weapons
 q - the +3 dagger "Geok Poa" (melded) {flame, Int+4}
   (You took it off Dowan on level 5 of the Dungeon)

   It has been specially enchanted to burn those struck by it, causing extra
   injury to most foes and up to half again as much damage against particularly
   susceptible opponents.
   It affects your intelligence (+4).
Missiles
 b - 11 javelins (quivered)
 w - a throwing net
Armour
 f - a +0 pair of boots (melded)
 p - a cursed -2 helmet
 v - a +0 cloak
 x - a scarf of shadows
Jewellery
 m - a +4 ring of protection (left front paw)
Wands
 l - a wand of enslavement (7)
 o - a wand of iceblast (6)
 y - a wand of paralysis (7)
 A - a wand of polymorph (11)
Scrolls
 c - 3 scrolls of identify
 e - 5 scrolls of remove curse
 i - 2 scrolls of fog
 j - a scroll of holy word {unknown}
 n - 2 scrolls of teleportation
 t - a scroll of enchant weapon
Potions
 g - 4 potions of brilliance
 h - a potion of ambrosia
 k - 4 potions of flight
 r - 3 potions of degeneration
 s - a potion of magic
 u - 2 potions of haste
 z - a potion of stabbing {unknown}
 B - a potion of heal wounds {unknown}


   Skills:
 + Level 7.2 Fighting
 - Level 5.0 Dodging
 - Level 11.6 Unarmed Combat
 - Level 4.0 Spellcasting
 + Level 7.1 Transmutations
 + Level 1.0 Evocations


You had 2 spell levels left.
You knew the following spells:

 Your Spells              Type           Power        Failure   Level
a - Beastly Appendage     Tmut           ####..       1%          1
b - Wereblood             Tmut           ####....     1%          2
c - Spider Form           Tmut/Pois      ##........   12%         3
d - Ice Form              Ice/Tmut       ##......     36%         4
e - Blade Hands           Tmut           ####......   26%         5

Your spell library contained the following spells:

 Spells                   Type           Power        Failure   Level
 Animate Skeleton         Necr           #.....       17%         1
 Corona                   Hex            #......      17%         1
 Magic Dart               Conj           #...         17%         1
 Pain                     Necr           #...         17%         1
 Ensorcelled Hibernation  Hex/Ice        #.....       26%         2
 Searing Ray              Conj           #.....       26%         2
 Confusing Touch          Hex            #.......     45%         3
 Dazzling Flash           Conj/Hex       #.....       45%         3
 Tukima's Dance           Hex            #.......     45%         3
 Vampiric Draining        Necr           #.........   45%         3
 Animate Dead             Necr           #.........   86%         4
 Fulminant Prism          Conj/Hex       #.........   86%         4
 Iskenderun's Mystic Bla  Conj/Tloc      #.......     86%         4
 Agony                    Necr           #.......     99%         5


Dungeon Overview and Level Annotations

Branches:
Dungeon (10/15)            Temple (1/1) D:5           Sewer (visited)
   Lair: D:8-11         Orc: D:9-12

Altars:
Ashenzari
Cheibriados
Dithmenos
Elyvilon
Fedhas
Gozag
Hepliaklqana
Kikubaaqudgha
Makhleb
Nemelex Xobeh
Okawaru
Qazlal
Ru
Sif Muna
Trog
Uskayaw
Vehumet
Wu Jian
Xom
Yredelemnul
Zin
The Shining One

Shops:
D:4 :   D:10 :

Annotations:
D:7 1 transporter
D:10 Urug


Innate Abilities, Weirdness & Mutations

((You can breathe bolts of dispelling energy.))
((Your rich purple scales are hard. (AC +7)))
You cannot fit into any form of body armour.
((You are cold-blooded and may be slowed by cold attacks.))
You can translocate small distances at will.
Your mind is acute. (Int +2)


Message History

The wolf is almost dead.
The wolf bites you.
* * * LOW HITPOINT WARNING * * *
You hit the wolf. You freeze the wolf.
You kill the wolf!
The Council accepts your kill.
A wolf comes into view.
Things that are here:
a small emerald ring; a wolf corpse You feel better.
The bullfrog hits you but does no damage.
You barely miss the bullfrog. The bullfrog closely misses you.
You pummel the bullfrog!! You freeze the bullfrog.
You kill the bullfrog!
The Council accepts your kill.
Your Evocations skill increases to level 1!
You closely miss the wolf. The wolf bites you.
* * * LOW HITPOINT WARNING * * *
You closely miss the wolf. The wolf closely misses you. The wolf bites you!
You die...

. .# #. .. ###.#
#...# ###.#.+ #
#..Y..# .. .
#..h#.##+## ..
... +..........
..
.....##...#.#.#.#
.. .........>###
# ≈≈ ....h#....#
≈≈ ≈≈.. #....# ≈≈
≈.. #....# ≈≈
#....#


You could see a wolf.

Vanquished Creatures
  Erica (D:9)
  Maurice (D:8)
  Psyche (D:9)
  A hornet (D:9)
  A wyvern (D:8)
  Menkaure (D:7)
  Duvessa (D:5)
  2 orc warriors (D:9)
  5 ice beasts
  3 ogres
  A sky beast (D:7)
  2 phantoms (D:9)
  4 wolves (D:10)
  2 centaurs
  A big kobold (D:8)
  3 bullfrogs
  Dowan (D:5)
  5 scorpions
  4 killer bees (D:8)
  5 wights (D:8)
  3 howler monkeys
  A bullfrog zombie (D:5)
  2 quasits
  2 jellies
  2 centaur zombies (D:7)
  A bullfrog skeleton (D:8)
  9 orc wizards
  5 orc priests
  3 hounds
  Crazy Yiuf (D:7)
  Ijyb (D:5)
  An iguana (D:8)
  7 worker ants
  2 hound skeletons
  2 worker ant zombies (D:5)
  3 gnolls (D:8)
  A river rat (D:3)
  12 adders
  2 howler monkey skeletons
  4 shadow imps
  3 white imps
  4 ufetubi
  11 oozes
  An adder skeleton (D:8)
  A dart slug (D:2)
  3 worms
  17 leopard geckos
  35 orcs
  13 ball pythons
  9 bats
  10 giant cockroaches
  10 goblins
  6 hobgoblins
  29 jackals
  5 quokkas
  16 frilled lizards
  11 kobolds
  A leopard gecko skeleton (D:4)
  7 rats
301 creatures vanquished.

Vanquished Creatures (others)
  2 plants (D:4)
2 creatures vanquished.

Grand Total: 303 creatures vanquished

Notes
Turn   | Place    | Note
-------+----------+-------------------------------------------
     0 | D:1      | DogServant the Draconian Transmuter began the quest for the
                  | Orb.
     0 | D:1      | Reached XP level 1. HP: 16/16 MP: 3/3
   112 | D:1      | Reached XP level 2. HP: 23/23 MP: 3/5
   764 | D:1      | Reached XP level 3. HP: 23/28 MP: 6/6
  1382 | D:2      | Found a sparkling altar of Nemelex Xobeh.
  1605 | D:2      | Learned a level 2 spell: Wereblood
  1684 | D:2      | Reached skill level 4 in Unarmed Combat
  1845 | D:2      | Found a blossoming altar of Fedhas.
  1935 | D:2      | Noticed an ogre
  1941 | D:2      | Killed an ogre
  1941 | D:2      | Reached XP level 4. HP: 35/35 MP: 5/7
  1941 | D:2      | Reached XP level 5. HP: 40/40 MP: 5/8
  2345 | D:3      | Found a glowing drain.
  2374 | D:3      | Reached skill level 5 in Unarmed Combat
  2400 | Sewer    | Entered a sewer
  2663 | Sewer    | Learned a level 3 spell: Spider Form
  2903 | Sewer    | Reached XP level 6. HP: 47/47 MP: 9/9
  3237 | Sewer    | Reached skill level 5 in Transmutations
  3620 | D:3      | Found a broken altar of Ashenzari.
  3757 | D:3      | Found a basalt altar of Yredelemnul.
  4067 | D:4      | Your scales start taking on a rich purple colour.
  4067 | D:4      | Reached XP level 7. HP: 35/57 MP: 6/10
  4288 | D:4      | Reached skill level 6 in Unarmed Combat
  4534 | D:4      | Found Faeninto's Book Shop.
  4935 | D:5      | Entered Level 5 of the Dungeon
  4966 | D:5      | Found a staircase to the Ecumenical Temple.
  4988 | Temple   | Entered the Ecumenical Temple
  6015 | D:5      | Noticed Dowan
  6015 | D:5      | Noticed Duvessa
  6016 | D:5      | Identified the cursed +3 dagger "Geok Poa" {flame, Int+4}
  6030 | D:5      | Killed Duvessa
  6030 | D:5      | Reached skill level 5 in Fighting
  6030 | D:5      | Reached skill level 7 in Unarmed Combat
  6032 | D:5      | Killed Dowan
  6032 | D:5      | Reached XP level 8. HP: 28/68 MP: 8/11
  6331 | D:5      | Noticed Ijyb
  6347 | D:5      | Killed Ijyb
  6933 | D:6      | Found a radiant altar of Vehumet.
  7665 | D:6      | Reached skill level 8 in Unarmed Combat
  8182 | D:7      | Noticed Menkaure
  8195 | D:7      | Killed Menkaure
  8202 | D:7      | Learned a level 4 spell: Ice Form
  8774 | D:7      | Reached XP level 9. HP: 43/79 MP: 13/13
  9079 | D:7      | Found an iron altar of Okawaru.
  9914 | D:7      | Found a runed translucent door.
  9915 | D:7      | Noticed Crazy Yiuf
  9924 | D:7      | Killed Crazy Yiuf
  9946 | D:7      | Gained mutation: You can translocate small distances at
                  | will. [potion of mutation]
  9946 | D:7      | Gained mutation: Your mind is acute. (Int +2) [potion of
                  | mutation]
 10001 | D:7      | Found a sparkling altar of Nemelex Xobeh.
 10001 | D:7      | Found a transporter.
 10060 | D:7      | Learned a level 5 spell: Blade Hands
 10073 | D:8      | Noticed Maurice
 10229 | D:8      | Reached skill level 9 in Unarmed Combat
 10921 | D:8      | Killed Maurice
 11459 | D:9      | Found a glowing silver altar of Zin.
 11460 | D:9      | Found a hazy altar of Hepliaklqana.
 11460 | D:9      | Found an opulent altar of Gozag.
 11461 | D:9      | Found a hide-covered altar of Uskayaw.
 11461 | D:9      | Found an ornate altar of the Wu Jian Council.
 11462 | D:9      | Found a glowing golden altar of the Shining One.
 11477 | D:9      | Became a worshipper of the Wu Jian Council
 11614 | D:9      | Reached XP level 10. HP: 60/86 MP: 10/16
 11618 | D:9      | Reached skill level 5 in Dodging
 11989 | D:9      | Noticed Psyche
 11999 | D:9      | Killed Psyche
 11999 | D:9      | Reached skill level 10 in Unarmed Combat
 12528 | D:9      | Noticed Erica
 12536 | D:9      | Killed Erica
 12536 | D:9      | Reached skill level 11 in Unarmed Combat
 12961 | D:10     | Entered Level 10 of the Dungeon
 13078 | D:10     | Noticed Urug
 13449 | D:10     | Reached * piety under Wu Jian
 13569 | D:10     | Paralysed by a hornet for 2 turns
 13573 | D:10     | Paralysed by a hornet for 3 turns
 13578 | D:10     | Paralysed by a hornet for 3 turns
 13579 | D:10     | HP: 4/103 [hornet (15)]
 13584 | D:10     | Found Zuloarie's Book Shoppe.
 13590 | D:10     | HP: 1/103 [wolf (6)]
 13596 | D:10     | Reached skill level 1 in Evocations
 13598 | D:10     | Slain by a wolf

Illustrated notes

Levels and vault maps discovered:
D:1:      kennysheep_arrival_forest, layout_basic, feat_on_display
D:2:      layout_loops_cross, fedhas_altar_1, lemuel_round_altar
D:3:      layout_rooms, lemuel_coloured_pillars_altar, evilmike_ruin_ashenzari,
          cheibrodos_sewer_entry_sluice, minivault_4
D:4:      wad_lake_hut, layout_loops_ring, serial_shops, shop
D:5:      layout_gridville, minmay_temple_entry_ruins, minivault_23,
          uniq_duvessa, uniq_ijyb
D:6:      layout_basic, overflow_temple_1_default
D:7:      layout_loops_ring, kennysheep_mini, grunt_nemelex_the_gamble,
          uniq_crazy_yiuf_cottage, uniq_menkaure
D:8:      layout_rooms, minmay_parallelograms, uniq_maurice
D:9:      layout_irregular_city, grunt_temple_overflow_open, uniq_psyche,
          uniq_erica
D:10:     layout_basic, erik_lair_island, serial_shops, nicolae_shop_stone,
          shop, shop_coins, shop_scrolls, shop_fountains, minivault_1,
          minmay_misc_feat_doors, uniq_urug, uniq_josephine
Temple:   compressed_dpeg_circular_temple

Skill      XL: |  1  2  3  4  5  6  7  8  9 10 |
---------------+-------------------------------+-----
Transmutations | 4 5 7 |  7.1
Unarmed Combat | 4 5 7 8 9 11 | 11.6
Fighting       | 3 5 7 |  7.2
Dodging        | 2 4 5 |  5.0
Spellcasting   | 3 4 |  4.0
Evocations     | 1 |  1.0

Action                   |  1- 3 |  4- 6 |  7- 9 | 10-12 || total
-------------------------+-------+-------+-------+-------++-------
Melee: Unarmed           |   156 |   376 |   325 |    70 ||   927
       Kick              |     8 |    18 |    13 |     2 ||    41
       Tailslap          |    14 |    24 |    63 |     6 ||   107
       Headbutt          |     4 |    16 |     7 |       ||    27
       Punch             |     1 |     5 |    12 |     3 ||    21
       Dagger            |       |       |   289 |    24 ||   313
Throw: Javelin           |       |     3 |       |       ||     3
 Cast: Beastly Appendage |     7 |    16 |     9 |     1 ||    33
       Wereblood         |       |     3 |     3 |       ||     6
       Spider Form       |       |     1 |    17 |       ||    18
       Ice Form          |       |       |     3 |     1 ||     4
       Blade Hands       |       |       |     2 |    12 ||    14
Invok: Lunge             |       |       |     1 |    11 ||    12
 Abil: Breathe Dispellin |       |       |     1 |     1 ||     2
Evoke: Wand              |       |       |     1 |       ||     1
  Use: Scroll            |       |     7 |     9 |     4 ||    20
       Potion            |       |     2 |     1 |     3 ||     6
 Stab: Sleeping          |     3 |       |     2 |       ||     5
Armor: Skin              |    58 |   150 |   166 |    21 ||   395
Dodge: Dodged            |    96 |   315 |   400 |    55 ||   866

Table legend: (Time is in decaauts)
 A = Elapsed time spent in this place.
 B = Non-inter-level travel time spent in this place.
 C = Inter-level travel time spent in this place.
 D = Time resting spent in this place.
 E = Time spent auto-exploring this place.
 F = Levels seen in this place.
 G = Mean time per level.
                   A        B        C        D        E       F      G
               +--------+--------+--------+--------+--------+-----+--------+
         Total |  13599 |  13158 |    441 |   2597 |   8273 |  12 | 1133.2 |
       Dungeon |  12303 |  11871 |    432 |   2371 |   7610 |  10 | 1230.3 |
        Temple |    136 |    128 |      8 |      0 |     77 |   1 |  136.0 |
         Sewer |   1159 |   1159 |      0 |    226 |    585 |   1 | 1159.0 |
               +--------+--------+--------+--------+--------+-----+--------+

Top non-repeatable levels by time:
     D:9: 2126 daAuts
     D:7: 2029 daAuts
     D:5: 1875 daAuts
     D:1: 1210 daAuts
   Sewer: 1159 daAuts
     D:6: 1133 daAuts
     D:8: 1053 daAuts
     D:4: 1024 daAuts
     D:2: 827 daAuts
     D:3: 748 daAuts
    D:10: 275 daAuts
  Temple: 136 daAuts
